 Dungeon Crawl Stone Soup version 0.26-a0-1197-gd68fa41eda (webtiles) character file.

Game seed: 11986744768637933965

732 BuffBuff the Cudgeller (level 7, -5/44 HPs)
             Began as a Gargoyle Fighter on Dec 28, 2020.
             Killed from afar by Duvessa (13 damage)
             ... with a puff of flame
             ... on level 4 of the Dungeon.
             The game lasted 00:09:28 (4348 turns).

BuffBuff the Cudgeller (Gargoyle Fighter)           Turns: 4348, Time: 00:09:30

Health: -5/44      AC: 13    Str: 21    XL:     7   Next: 73%
Magic:  7/7        EV:  7    Int:  9    God:
Gold:   110        SH: 10    Dex:  9    Spells: 6/6 levels left

rFire    . . .     SeeInvis .   a - +0 flail
rCold    . . .     Faith    .   c - +0 kite shield
rNeg     + . .     Spirit   .   i - +0 scale mail (curse)
rPois    ∞         Reflect  .   (no helmet)
rElec    +         Harm     .   (no cloak)
rCorr    .         Rampage  .   n - +0 pair of gloves
Will     .....                  (no boots)
Stlth    ..........             (no amulet)
HPRegen  0.14/turn              (no ring)
MPRegen  0.10/turn              (no ring)

@: no status effects
A: negative energy resistance 1, electricity resistance, unbreathing,
petrification resistance, miasma immunity, AC +4
a: no special abilities


You were on level 4 of the Dungeon.
You visited 2 branches of the dungeon, and saw 5 of its levels.

You collected 110 gold pieces.

Inventory:

Hand Weapons
 a - a +0 flail (weapon)
Missiles
 h - 15 poisoned darts (quivered)
Armour
 b - a +0 scale mail
 c - a +0 kite shield (worn)
 i - a cursed +0 scale mail (worn)
 n - a +0 pair of gloves (worn)
Jewellery
 p - an uncursed ring of protection from fire {unknown}
Wands
 l - a wand of digging (1)
Scrolls
 d - 3 scrolls of magic mapping {unknown}
 e - a scroll of immolation {unknown}
 f - 5 scrolls of identify {unknown}
 g - 2 scrolls of remove curse {unknown}
 m - 2 scrolls of enchant armour {unknown}
 o - 2 scrolls of enchant weapon {unknown}
Potions
 k - a potion of curing


   Skills:
 + Level 5.1 Fighting
 * Level 5.6 Maces & Flails
 + Level 5.1 Armour
 + Level 5.2 Shields


You had 6 spell levels left.
You didn't know any spells.
Your spell library contained the following spells:

 Spells                   Type           Power        Failure   Level
 Apportation              Tloc           0%           98%         1


Dungeon Overview and Level Annotations

Branches:
Dungeon (4/15)             Temple (1/1) D:4

Altars:
Ashenzari
Cheibriados
Dithmenos
Fedhas
Gozag
Hepliaklqana
Kikubaaqudgha
Makhleb
Nemelex Xobeh
Okawaru
Sif Muna
Trog
Uskayaw
Vehumet
Xom
Zin
The Shining One

Annotations:
D:4 Dowan, Duvessa


Innate Abilities, Weirdness & Mutations

You are resistant to torment.
Your stone body is resilient. (AC +4)
You are immune to poison.
You resist negative energy. (rN+)
You are resistant to electric shocks. (rElec)
You can survive without breathing.
You are immune to petrification.
You are immune to miasma.


Message History

Duvessa is severely wounded.
Dowan hits you but does no damage. Duvessa hits you but does no damage.
You hit Duvessa.
Duvessa is almost dead.
Dowan points at you and mumbles some strange words.
The puff of frost misses you. You block Duvessa's attack.
You barely miss Duvessa.
Duvessa is almost dead.
Dowan barely misses you.
Duvessa says, "My weaknesses are his strengths!"
Duvessa zaps a wand.
You block the puff of flame. Dowan hits you with a +0 dagger.
* * * LOW HITPOINT WARNING * * *
You hit Duvessa.
Duvessa is almost dead.
Duvessa hits you with a +0 short sword.
* * * LOW HITPOINT WARNING * * *
Dowan hits you but does no damage.
Duvessa zaps a wand.
The puff of flame hits you!
You die...

#..##.........##o.#
##.##.........##.#
#.##............#
#.##...........########
##.##..................#
...............#.#........#[....#
##.#..........#.#.#..#....#^....#
#.#.......#.#.#e#.#.##.........#
#.##.........#.@e#.........<...#
#.#.........#.#.#.#............#
##.#.......#..#.#.#.............#
#..........#...#.#..............#
#..##.....##....................#
...###...######.#.#.............#
.#..........###.................#
##..........##.............######
.#..........#††####........#


You could see Duvessa and Dowan.

Vanquished Creatures
  Sigmund (D:4)
  Menkaure (D:4)
  Blork the orc (D:4)
  A scorpion (D:4)
  2 orc priests
  2 orc wizards (D:3)
  An iguana (D:4)
  Jessica (D:2)
  A worker ant (D:3)
  A hound skeleton (D:4)
  4 adders
  An ooze (D:3)
  A worm (D:2)
  2 dart slugs
  5 leopard geckos
  10 orcs
  4 giant cockroaches
  5 goblins
  2 hobgoblins
  5 jackals
  6 kobolds
  2 quokkas (D:3)
  A ball python (D:4)
  2 bats
  4 frilled lizards
  7 rats
73 creatures vanquished.

Notes
Turn   | Place    | Note
-------+----------+-------------------------------------------
     0 | D:1      | BuffBuff the Gargoyle Fighter began the quest for the Orb.
     0 | D:1      | Reached XP level 1. HP: 14/14 MP: 1/1
   150 | D:1      | Reached XP level 2. HP: 19/19 MP: 2/2
  1168 | D:2      | Reached XP level 3. HP: 17/23 MP: 3/3
  1320 | D:2      | Found a burning altar of Makhleb.
  1540 | D:2      | Noticed Jessica
  1555 | D:2      | Killed Jessica
  1556 | D:2      | Reached XP level 4. HP: 24/29 MP: 4/4
  1704 | D:2      | Found a radiant altar of Vehumet.
  1704 | D:2      | Found an ancient bone altar of Kikubaaqudgha.
  1706 | D:2      | Found a shimmering blue altar of Sif Muna.
  1713 | D:2      | Identified Sif Muna's Tome of the Traveller
  1874 | D:2      | Found a glowing silver altar of Zin.
  1910 | D:2      | Found an opulent altar of Gozag.
  2129 | D:3      | Reached XP level 5. HP: 22/33 MP: 5/5
  2715 | D:4      | Noticed Sigmund
  3001 | D:4      | Reached XP level 6. HP: 32/39 MP: 6/6
  3004 | D:4      | Killed Sigmund
  3082 | D:4      | Found a staircase to the Ecumenical Temple.
  3118 | D:4      | Reached XP level 7. HP: 37/44 MP: 7/7
  3144 | D:4      | Noticed Menkaure
  3155 | D:4      | Killed Menkaure
  3156 | D:4      | Reached skill level 5 in Maces & Flails
  3351 | D:4      | Reached skill level 5 in Fighting
  3351 | D:4      | Reached skill level 5 in Armour
  3351 | D:4      | Reached skill level 5 in Shields
  3353 | D:4      | Noticed Blork the orc
  3371 | D:4      | Killed Blork the orc
  3548 | D:4      | Found a hazy altar of Hepliaklqana.
  3601 | D:4      | Noticed Duvessa
  3602 | D:4      | Noticed Dowan
  3618 | Temple   | Entered the Ecumenical Temple
  4348 | D:4      | Killed from afar by Duvessa

Illustrated notes

Levels and vault maps discovered:
D:1:      matt_arrival_spirals, layout_basic
D:2:      layout_basic, pdpol_temple_overflow_zin_treasury_gozag_greed,
          grunt_temple_overflow_magic_moments, overflow_temple_1_default,
          uniq_jessica
D:3:      layout_rooms, minmay_misc_feat_chi
D:4:      layout_rooms, nzn_hepliaklqana_mist_gate, minmay_temple_entry_grid,
          uniq_duvessa, uniq_sigmund, uniq_blork_the_orc, uniq_menkaure
Temple:   jpeg_temple_alley_garden

Skill      XL: |  1  2  3  4  5  6  7 |
---------------+----------------------+-----
Maces & Flails | 3 4 5 |  5.6
Fighting       | 4 5 |  5.1
Armour         | 4 5 |  5.1
Shields        | 4 5 |  5.2

Action                   |  1- 3 |  4- 6 |  7- 9 || total
-------------------------+-------+-------+-------++-------
Melee: Flail             |   133 |   122 |    89 ||   344
Throw: Dart              |     3 |       |       ||     3
  Use: Potion            |       |     1 |     3 ||     4
Armor: Scale mail        |    90 |    65 |    33 ||   188
Dodge: Dodged            |    43 |    35 |    34 ||   112
Block: Kite shield       |    73 |    60 |    40 ||   173

Table legend: (Time is in decaauts)
 A = Elapsed time spent in this place.
 B = Non-inter-level travel time spent in this place.
 C = Inter-level travel time spent in this place.
 D = Time resting spent in this place.
 E = Time spent auto-exploring this place.
 F = Levels seen in this place.
 G = Mean time per level.
                   A        B        C        D        E       F      G
               +--------+--------+--------+--------+--------+-----+--------+
         Total |   4458 |   4413 |     45 |   1376 |   2104 |   5 |  891.6 |
       Dungeon |   3760 |   3715 |     45 |    970 |   1947 |   4 |  940.0 |
        Temple |    697 |    697 |      0 |    406 |    157 |   1 |  697.0 |
               +--------+--------+--------+--------+--------+-----+--------+

Top non-repeatable levels by time:
     D:1: 1146 daAuts
     D:2: 966 daAuts
     D:3: 954 daAuts
  Temple: 697 daAuts
     D:4: 693 daAuts
